Map: Dusk Towers

Players

Jennemede - Winner!

  • Race: Protoss Protoss
  • League: Silver

RewdDudes

  • Race: Protoss Protoss
  • League: Silver

VOD

Have the link to the VOD?

Description

Time

  • Played on: Feb. 25, 2016, 4:25 p.m.
  • Length: 25:50
Show
View Real Time Build Order
Export as new Build Order

Jennemede Protoss - Winner!

Build Orders: 1 Gate Expand 

Get SALT Encoding   

  12  0:02  Probe (Chrono Boost)  
  13  0:19  Pylon  
  13  0:22  Probe (Chrono Boost)  
  14  0:32  Probe (Chrono Boost)  
  15  0:40  Gateway  
  15  0:47  Probe (Chrono Boost)  
  16  0:57  Probe (Chrono Boost)  
  16  1:03  Pylon  
  17  1:08  Probe (Chrono Boost)  
  18  1:12  Assimilator  
  19  1:18  Probe (Chrono Boost)  
  19  1:32  Nexus  
  19  1:43  Probe (Chrono Boost)  
  20  1:49  Cybernetics Core  
  21  1:54  Probe (Chrono Boost)  
  21  1:57  Assimilator  
  21  2:04  Probe (Chrono Boost)  
  22  2:11  Forge  
  22  2:15  Probe (Chrono Boost)  
  23  2:22  Warp Gate (Chrono Boost), Pylon  
  23  2:33  Gateway  
  25  2:37  Adept (Chrono Boost)  
  25  2:49  Mothership Core  
  27  2:55  Photon Cannon  
  27  2:59  Pylon  
  27  3:02  Probe  
  28  3:08  Sentry (Chrono Boost)  
  30  3:17  Photon Cannon  
  30  3:20  Probe  
  31  3:32  Probe, Stargate  
  32  3:39  Stalker (Chrono Boost)  
  32  3:50  Probe  
  32  3:52  Probe  
  34  4:02  Stalker (Chrono Boost), Probe  
  37  4:04  Probe  
  37  4:05  Stalker (Chrono Boost)  
  40  4:14  Probe  
  40  4:16  Probe  
  42  4:23  Protoss Ground Weapons Level 1 (Chrono Boost)  
  42  4:26  Probe, Pylon  
  42  4:28  Probe  
  44  4:31  Pylon  
  44  4:38  Probe  
  44  4:40  Probe, Protoss Air Weapons Level 1 (Chrono Boost)  
  46  4:47  Assimilator  
  46  4:50  Probe  
  46  4:52  Assimilator  
  47  4:58  Photon Cannon  
  47  5:03  Stalker, Probe  
  47  5:05  Stalker  
  52  5:15  Photon Cannon  
  52  5:20  Pylon  
  52  5:25  Pylon  
  52  5:30  Void Ray (Chrono Boost)  
  56  5:41  Gateway  
  56  5:42  Photon Cannon  
  56  5:49  Probe  
  57  6:01  Stalker, Probe  
  57  6:02  Stalker  
  62  6:14  Probe  
  63  6:24  Nexus  
  63  6:26  Probe  
  63  6:28  Robotics Facility  
  63  6:31  Twilight Council  
  64  6:35  Protoss Ground Armor Level 1  
  64  6:38  Stalker, Probe  
  67  6:41  Stalker  
  69  6:50  Probe  
  69  6:54  Protoss Air Armor Level 1  
  70  7:01  Photon Cannon  
  70  7:02  Probe  
  70  7:08  Pylon  
  71  7:16  Photon Cannon  
  71  7:18  Gateway  
  71  7:22  Stalker  
  71  7:24  Stalker  
  75  7:35  Probe  
  75  7:37  Probe  
  76  7:42  Observer (Chrono Boost)  
  76  7:43  Void Ray (Chrono Boost)  
  78  7:47  Probe  
  78  7:49  Probe  
  84  7:54  Probe  
  84  7:58  Blink  
  85  7:59  Probe  
  85  8:01  Probe  
  87  8:06  Probe  
  87  8:09  Pylon  
  87  8:11  Probe  
  89  8:13  Probe  
  89  8:14  Stargate  
  90  8:23  Probe  
  91  8:28  Protoss Shields Level 1  
  91  8:29  Gateway  
  91  8:31  Void Ray  
  91  8:32  Photon Cannon  
  95  8:50  Pylon  
  95  8:53  Fleet Beacon  
  95  8:56  Gateway  
  95  8:58  Photon Cannon  
  95  9:04  Assimilator  
  95  9:06  Assimilator  
  95  9:07  Pylon  
  95  9:08  Void Ray  
  95  9:14  Probe  
  100  9:17  Dark Shrine  
  100  9:23  Void Ray  
  104  9:26  Probe  
  104  9:29  Cybernetics Core  
  105  9:31  Photon Cannon  
  105  9:33  Pylon  
  105  9:39  Probe  
  105  9:42  Photon Cannon  
  105  9:45  Stalker x2  
  110  9:46  Void Ray  
  110  9:47  Stalker  
  110  9:49  Sentry  
  110  9:51  Probe  
  119  9:56  Pylon  
  119  9:58  Protoss Air Weapons Level 2  
  119  10:03  Probe  
  120  10:14  Robotics Facility  
  120  10:17  Protoss Ground Weapons Level 2, Gateway  
  120  10:19  Stargate  
  120  10:22  Pylon  
  120  10:25  Photon Cannon  
  120  10:31  Photon Cannon  
  120  10:39  Charge  
  120  10:43  Observer (Chrono Boost)  
  120  10:47  Stalker  
  123  10:51  Stalker  
  123  10:53  Zealot x3  
  123  10:55  Sentry  
  133  11:04  Forge  
  133  11:07  Void Ray  
  134  11:11  Observer (Chrono Boost)  
  138  11:29  Photon Cannon  
  138  11:37  Protoss Ground Armor Level 2  
  138  11:43  Observer (Chrono Boost)  
  139  11:52  Robotics Bay  
  139  11:54  Void Ray  
  139  11:55  Pylon  
  139  12:00  Void Ray  
  147  12:12  Warp Prism (Chrono Boost)  
  147  12:13  Stalker  
  147  12:14  Stalker  
  147  12:15  Stalker  
  155  12:16  Zealot  
  155  12:17  Zealot x2  
  155  12:18  Zealot  
  110  12:40  Dark Templar  
  110  12:41  Dark Templar x2  
  110  12:42  Dark Templar  
  96  12:44  Dark Templar x2  
  96  12:45  Dark Templar x2  
  96  12:46  Dark Templar x2  
  101  13:06  Void Ray  
  101  13:11  Void Ray x2  
  113  13:28  Stalker  
  113  13:29  Zealot x2  
  113  13:30  Zealot x2  
  113  13:31  Zealot  
  113  13:33  Nexus  
  123  13:34  Protoss Ground Weapons Level 3  
  123  13:40  Pylon  
  123  13:44  Pylon  
  123  13:52  Void Ray  
  123  13:54  Observer (Chrono Boost)  
  124  13:56  Observer Gravitic Boosters, Nexus  
  124  13:58  Void Ray  
  132  14:03  Pylon  
  132  14:18  Pylon  
  132  14:23  Photon Cannon  
  132  14:29  Observer (Chrono Boost)  
  132  14:30  Zealot  
  132  14:31  Zealot x3  
  137  14:32  Zealot x2  
  145  14:42  Pylon  
  145  14:44  Void Ray  
  145  14:51  Void Ray  
  153  15:04  Photon Cannon  
  153  15:07  Photon Cannon  
  153  15:13  Stalker  
  155  15:14  Protoss Ground Armor Level 3  
  155  15:19  Zealot  
  155  15:20  Zealot x2  
  161  15:22  Sentry  
  161  15:23  Sentry  
  165  15:36  Pylon  
  165  15:38  Pylon  
  165  15:41  Pylon  
  165  15:46  Photon Cannon  
  165  15:50  Probe  
  165  15:53  Void Ray  
  165  15:54  Mothership Core  
  172  16:01  Assimilator  
  172  16:02  Assimilator  
  172  16:03  Probe  
  173  16:10  Protoss Air Weapons Level 3 (Chrono Boost)  
  173  16:15  Probe  
  174  16:23  Void Ray  
  178  16:27  Probe  
  179  16:34  Assimilator x2  
  179  16:35  Pylon  
  179  16:38  Photon Cannon  
  179  16:39  Probe  
  180  16:42  Dark Templar x2  
  180  16:44  Zealot  
  180  16:45  Zealot x3  
  180  16:46  Zealot  
  194  16:50  Photon Cannon  
  194  16:55  Photon Cannon  
  194  16:59  Void Ray  
  198  17:11  Probe  
  199  17:21  Protoss Shields Level 2  
  199  17:22  Probe  
  199  17:27  Extended Thermal Lance  
  200  17:34  Cybernetics Core  
  200  17:40  Photon Cannon  
  200  17:43  Photon Cannon  
  200  17:45  Photon Cannon  
  200  17:47  Pylon  
  200  17:50  Photon Cannon  
  200  17:52  Photon Cannon  
  200  17:55  Pylon  
  144  19:15  Stalker  
  144  19:16  Stalker x2  
  144  19:17  Stalker x3  
  152  19:18  Stalker  
  158  19:31  Void Ray x3  
  170  19:48  Nexus  
  170  19:51  Pylon  
  170  19:54  Pylon  
  170  19:56  Assimilator  
  170  19:59  Assimilator  
  170  20:14  Void Ray x3  
  114  20:32  Stalker x2  
  114  20:33  Stalker x2  
  114  20:34  Zealot x3  
  122  20:57  Void Ray x3  
  122  21:03  Dark Templar x2  
  122  21:04  Dark Templar  
  136  21:06  Zealot x2  
  136  21:07  Zealot x2  
  144  21:34  Protoss Shields Level 3  
  144  21:36  Observer, Void Ray (Chrono Boost)  
  144  21:37  Void Ray (Chrono Boost)  
  145  21:40  Stalker  
  145  21:41  Stalker x3, Void Ray (Chrono Boost)  
  145  21:43  Zealot x2  
  145  21:44  Zealot  
  171  21:55  Protoss Air Armor Level 2 (Chrono Boost)  
  171  21:58  Observer  
  160  22:06  Stalker  
  160  22:07  Stalker x3  
  140  22:09  Zealot x2  
  140  22:10  Zealot  
  140  22:13  Void Ray x2  
  136  22:23  Void Ray  
  140  22:50  Tempest, Nexus  
  144  23:04  Void Ray  
  144  23:10  Nexus, Void Ray  
  152  23:15  Pylon  
  152  23:19  Pylon  
  152  23:25  Photon Cannon  
  152  23:27  Void Ray  
  152  23:28  Photon Cannon  
  156  23:38  Observer  
  157  23:51  Dark Templar x2  
  157  23:52  Dark Templar x2  
  157  23:53  Dark Templar x2  
  157  23:54  Zealot  
  171  24:28  Tempest  
  171  24:29  Void Ray  
  171  24:33  Tempest  
  171  24:37  Zealot  
  171  24:38  Zealot x2  
  187  24:39  Zealot x2  
  187  24:40  Zealot x2  
  187  24:44  Mothership Core  
  199  24:52  Assimilator  
  199  24:54  Assimilator  
  199  25:11  Pylon  
  187  25:45  Dark Templar  
  187  25:46  Dark Templar x2  
  187  25:47  Dark Templar  
  187  25:49  Zealot  
  191  25:50  Zealot  
Show
View Real Time Build Order
Export as new Build Order

RewdDudes Protoss 

Build Orders: 1 Gate Expand, Blink Stalkers 

Get SALT Encoding   

  12  0:01  Probe (Chrono Boost)  
  13  0:11  Probe (Chrono Boost)  
  14  0:18  Pylon  
  14  0:22  Probe (Chrono Boost)  
  15  0:36  Gateway  
  15  0:38  Probe (Chrono Boost)  
  16  0:43  Assimilator  
  16  0:48  Probe (Chrono Boost)  
  17  0:59  Probe (Chrono Boost)  
  18  1:09  Probe (Chrono Boost)  
  19  1:26  Nexus  
  19  1:31  Probe (Chrono Boost)  
  20  1:41  Cybernetics Core  
  21  1:47  Probe (Chrono Boost)  
  21  1:51  Assimilator  
  21  1:57  Probe (Chrono Boost)  
  21  2:02  Pylon  
  21  2:09  Probe (Chrono Boost)  
  22  2:16  Warp Gate (Chrono Boost)  
  22  2:20  Mothership Core (Chrono Boost), Adept  
  26  2:38  Probe  
  27  2:44  Probe  
  27  2:49  Twilight Council  
  27  2:50  Probe  
  28  2:55  Sentry  
  28  2:57  Probe  
  32  3:01  Probe  
  33  3:07  Pylon  
  33  3:10  Probe  
  34  3:15  Probe  
  34  3:17  Gateway  
  35  3:23  Blink (Chrono Boost)  
  35  3:24  Probe  
  36  3:29  Probe  
  37  3:36  Stalker  
  39  3:46  Probe  
  39  3:47  Probe  
  39  3:56  Gateway  
  39  3:57  Assimilator  
  39  4:01  Assimilator  
  39  4:07  Probe x2  
  39  4:09  Robotics Facility  
  41  4:19  Stalker x2  
  45  4:25  Probe x2  
  47  4:38  Pylon  
  47  4:43  Probe x2  
  49  4:49  Pylon  
  49  4:51  Stalker  
  49  4:52  Stalker  
  53  4:57  Observer (Chrono Boost)  
  54  5:00  Probe x2, Pylon  
  56  5:14  Nexus  
  56  5:17  Stalker  
  56  5:18  Stalker  
  60  5:22  Probe  
  60  5:24  Pylon  
  60  5:27  Pylon  
  60  5:28  Charge  
  61  5:34  Probe  
  61  5:35  Gateway  
  62  5:37  Gateway  
  62  5:38  Observer (Chrono Boost)  
  63  5:43  Probe  
  63  5:48  Probe  
  65  5:53  Stalker x2  
  65  5:54  Zealot  
  71  5:57  Probe  
  72  6:09  Observer (Chrono Boost)  
  73  6:18  Robotics Bay  
  72  6:25  Stalker  
  72  6:26  Zealot x2, Probe  
  72  6:27  Probe  
  72  6:28  Probe  
  82  6:33  Observer (Chrono Boost)  
  82  6:39  Probe  
  82  6:40  Probe x2  
  82  6:46  Assimilator  
  85  6:51  Assimilator  
  85  6:59  Forge  
  85  7:00  Pylon  
  85  7:05  Pylon  
  85  7:08  Forge  
  85  7:11  Probe, Pylon  
  85  7:12  Probe x2  
  85  7:13  Stalker x4  
  85  7:15  Pylon  
  97  7:16  Observer (Chrono Boost)  
  96  7:24  Probe x2  
  96  7:25  Probe  
  99  7:35  Immortal (Chrono Boost)  
  103  7:37  Probe, Pylon  
  103  7:38  Probe  
  103  7:39  Probe  
  103  7:43  Stalker x2  
  103  7:44  Stalker x2  
  114  7:51  Probe  
  114  7:53  Probe x2  
  117  8:05  Pylon  
  117  8:07  Pylon  
  117  8:12  Robotics Facility  
  117  8:15  Robotics Facility  
  117  8:18  Stalker x5  
  127  8:23  Immortal (Chrono Boost)  
  131  8:36  Protoss Ground Weapons Level 1 (Chrono Boost), Protoss Ground Armor Level 1 (Chrono Boost)  
  131  8:54  Extended Thermal Lance  
  131  9:00  Immortal, Nexus  
  131  9:02  Immortal  
  139  9:03  Immortal  
  143  9:27  Photon Cannon x2  
  143  9:31  Pylon  
  143  9:32  Pylon  
  143  9:35  Pylon  
  142  9:46  Immortal x2  
  142  9:47  Immortal  
  154  9:56  Templar Archives  
  154  10:00  Stalker  
  154  10:01  Stalker x4  
  164  10:24  Assimilator  
  164  10:29  Assimilator  
  164  10:31  Psionic Storm  
  164  10:35  High Templar  
  164  10:36  High Templar x2  
  164  10:37  Gateway  
  164  10:39  Immortal x2, Gateway  
  164  10:42  Immortal, Gateway  
  182  10:53  High Templar  
  182  10:54  High Templar  
  182  10:55  Archon  
  186  11:08  Protoss Ground Weapons Level 2 (Chrono Boost)  
  186  11:19  Observer  
  187  11:28  Stalker  
  187  11:29  Stalker x3  
  187  11:30  Stalker  
  196  11:41  Zealot x2  
  196  11:45  Archon  
  200  12:06  Protoss Ground Armor Level 2 (Chrono Boost)  
  200  12:18  Photon Cannon  
  200  12:20  Photon Cannon  
  200  12:22  Photon Cannon  
  200  12:24  Photon Cannon  
  200  12:27  Photon Cannon  
  200  12:29  Photon Cannon  
  186  12:31  Photon Cannon  
  186  12:33  Photon Cannon  
  186  12:36  Photon Cannon  
  164  12:38  Pylon  
  164  12:39  Pylon  
  142  12:46  High Templar x3  
  142  12:47  High Templar x3  
  126  13:02  Archon  
  126  13:03  Archon  
  126  13:12  Protoss Ground Weapons Level 3 (Chrono Boost)  
  126  13:20  High Templar x5  
  136  13:37  Observer x3  
  139  13:41  Nexus  
  139  13:50  Nexus  
  139  13:57  High Templar  
  139  13:58  High Templar x2  
  139  14:01  Archon x2  
  145  14:08  High Templar  
  147  14:26  High Templar x2  
  151  14:38  High Templar x2  
  151  14:40  Archon x2  
  151  14:42  Archon  
  153  15:03  Protoss Ground Armor Level 3 (Chrono Boost)  
  153  15:04  High Templar  
  155  15:23  High Templar x2  
  155  15:24  High Templar  
  161  15:33  Photon Cannon  
  161  15:34  Photon Cannon  
  161  15:37  Photon Cannon  
  161  15:41  Photon Cannon  
  161  15:42  Pylon  
  161  15:43  Photon Cannon  
  161  15:44  Pylon  
  161  15:46  Photon Cannon, Pylon  
  161  15:49  Pylon  
  161  15:52  Pylon x2  
  161  15:53  High Templar x3, Pylon  
  161  15:55  Pylon  
  161  15:56  Pylon x2  
  167  15:57  Archon  
  167  15:58  Archon, Pylon x2  
  167  16:00  Pylon x3  
  167  16:02  Archon, Pylon  
  167  16:03  Pylon  
  167  16:25  High Templar x2  
  168  16:26  High Templar  
  172  16:34  Protoss Shields Level 1 (Chrono Boost)  
  172  16:37  Archon  
  172  16:45  Archon  
  172  16:50  Archon  
  172  17:07  Assimilator  
  172  17:11  Assimilator  
  172  17:15  High Templar x2  
  174  17:16  High Templar x2  
  174  17:20  Observer  
  181  17:26  Assimilator  
  180  17:30  Assimilator  
  180  17:33  Observer x2  
  182  17:39  Archon  
  182  17:42  Archon  
  182  17:46  Archon  
  182  18:10  High Templar x3  
  182  18:12  Zealot x4  
  192  18:13  Zealot  
  147  18:53  High Templar  
  147  18:54  High Templar x5  
  105  18:57  Stalker  
  105  18:58  Stalker  
  97  19:10  Archon x2  
  97  19:16  Colossus  
  103  19:22  Stalker x2  
  107  19:28  Stalker x4  
  107  19:29  Protoss Shields Level 2 (Chrono Boost)  
  110  19:51  Stalker x3  
  110  19:52  Stalker x2  
  111  19:53  Stalker  
  111  19:54  Stalker x2  
  119  20:10  Photon Cannon  
  119  20:12  Photon Cannon  
  119  20:14  Photon Cannon  
  119  20:17  Photon Cannon  
  119  20:19  Photon Cannon  
  119  20:21  Photon Cannon  
  93  20:23  Photon Cannon  
  93  20:25  Stalker  
  93  20:26  Stalker x2  
  93  20:27  Stalker x4  
  93  20:28  Stalker  
  87  20:56  Zealot x2  
  87  20:57  Zealot x3  
  93  20:58  Zealot x3  
  103  21:24  Stalker  
  103  21:25  Stalker x2  
  107  21:26  Stalker x3  
  107  21:27  Stalker x2  
  76  22:14  Stalker x2  
  76  22:15  Stalker  
  62  22:16  Stalker x2  
  62  22:17  Stalker x2  
  62  22:19  Stalker  
  54  22:31  Probe x2  
  54  22:32  Probe x2  
  54  22:33  Probe  
  59  22:37  Nexus  
  59  22:44  Probe  
  59  22:45  Nexus, Probe x3  
  59  22:46  Probe  
  64  22:59  High Templar x2  
  64  23:01  Zealot x5  
  64  23:02  Zealot  
  80  23:16  Pylon  
  80  23:20  Pylon  
  80  23:23  Pylon  
  80  23:32  High Templar  
  80  23:33  High Templar  
  84  23:34  High Templar, Assimilator  
  84  23:37  Archon  
  84  23:39  Assimilator  
  86  23:42  Zealot x4  
  86  23:43  Zealot  
  86  23:45  Assimilator  
  86  23:46  Archon  
  96  23:50  Assimilator  
  96  23:55  Probe  
  96  23:56  Probe x2  
  96  23:57  Probe x4  
  103  24:05  High Templar x2  
  103  24:06  Zealot x5  
  103  24:07  Zealot  
  119  24:10  Probe x2  
  119  24:11  Probe x4  
  119  24:12  Probe  
  126  24:31  High Templar x2  
  128  24:32  Zealot x3  
  128  24:33  Stalker  
  128  24:35  Archon  
  138  24:42  High Templar  
  138  24:44  Archon  
  139  24:59  Stalker x3  
  144  25:00  Stalker  
  146  25:09  Probe  
  146  25:10  Probe  
  146  25:11  Probe x4  
  146  25:12  Probe  
  105  25:47  Stalker  
Tags
 
Add a new tag
Caveats
  • Supply blocks, unpowered buildings, or Contaminate may cause inaccurate times.
  • Supply counts are checked every 10 seconds.